Map: Lightshade LE

Players

GunGFuBanDa - Winner!

  • Race: Protoss Protoss
  • League: Grandmaster

uwuThermal (uThermal)

  • Race: Terran Terran
  • League: Master

Event: DreamHack SC2 Masters 2021 Summer

VOD

Have the link to the VOD?

Description

Time

  • Played on: June 2, 2021, 1 p.m.
  • Length: 9:26

All games in this series

Show
View Real Time Build Order
Export as new Build Order

GunGFuBanDa Protoss - Winner!

Build Orders: 1 Gate Expand, Blink Stalkers 

Get SALT Encoding   

  12  0:00  Probe  
  13  0:12  Probe  
  14  0:17  Pylon  
  14  0:24  Probe (Chrono Boost)  
  15  0:37  Probe (Chrono Boost)  
  15  0:38  Gateway  
  16  0:42  Probe (Chrono Boost)  
  16  0:47  Assimilator  
  17  0:52  Probe  
  18  1:04  Probe  
  19  1:16  Probe  
  20  1:26  Cybernetics Core  
  20  1:34  Nexus  
  20  1:37  Probe  
  21  1:44  Pylon  
  21  1:49  Probe  
  21  1:52  Assimilator  
  22  2:00  Adept (Chrono Boost)  
  23  2:01  Probe  
  23  2:04  Warp Gate  
  25  2:13  Probe  
  26  2:22  Stalker  
  26  2:25  Probe (Chrono Boost)  
  29  2:35  Probe (Chrono Boost)  
  30  2:37  Twilight Council  
  30  2:42  Probe (Chrono Boost)  
  31  2:46  Probe (Chrono Boost)  
  32  2:56  Probe (Chrono Boost), Shield Battery, Stalker  
  32  2:57  Probe (Chrono Boost)  
  35  3:04  Probe  
  36  3:05  Probe  
  36  3:12  Gateway  
  37  3:16  Probe, Blink (Chrono Boost)  
  37  3:17  Probe  
  39  3:30  Probe  
  39  3:32  Probe  
  39  3:33  Robotics Facility  
  41  3:42  Probe  
  41  3:44  Probe  
  41  3:45  Pylon  
  43  3:54  Probe  
  44  3:58  Stalker  
  46  4:08  Pylon  
  44  4:13  Probe x2  
  44  4:16  Stalker  
  48  4:21  Observer (Chrono Boost)  
  48  4:24  Nexus  
  49  4:25  Probe  
  49  4:26  Probe, Pylon  
  49  4:31  Stalker  
  53  4:34  Observer (Chrono Boost)  
  53  4:37  Observer  
  53  4:38  Pylon  
  54  4:43  Assimilator  
  54  4:44  Probe x2  
  54  4:54  Stalker  
  54  4:55  Stalker  
  56  5:00  Probe  
  57  5:15  Probe (Chrono Boost)  
  59  5:21  Probe (Chrono Boost)  
  59  5:25  Probe (Chrono Boost)  
  61  5:29  Probe (Chrono Boost)  
  61  5:30  Forge  
  61  5:31  Probe (Chrono Boost), Gateway  
  61  5:32  Observer  
  61  5:34  Gateway  
  61  5:35  Pylon  
  62  5:39  Probe (Chrono Boost)  
  62  5:40  Probe (Chrono Boost)  
  65  5:46  Charge  
  65  5:48  Probe (Chrono Boost)  
  65  5:49  Probe x2 (Chrono Boost)  
  67  5:51  Protoss Ground Weapons Level 1  
  67  5:54  Probe x3 (Chrono Boost)  
  70  6:04  Photon Cannon  
  70  6:06  Probe x3  
  70  6:09  Pylon  
  73  6:14  Observer  
  73  6:17  Robotics Bay  
  73  6:18  Probe x3  
  76  6:21  Pylon, Immortal (Chrono Boost)  
  76  6:22  Shield Battery  
  80  6:31  Gateway  
  80  6:33  Gateway, Assimilator  
  80  6:43  Probe x2  
  81  6:56  Sentry  
  81  6:57  Probe, Zealot x3  
  90  7:03  Colossus (Chrono Boost)  
  90  7:06  Observer  
  90  7:07  Probe x2  
  96  7:10  Pylon x2, Extended Thermal Lance  
  96  7:17  Pylon  
  96  7:23  Photon Cannon  
  96  7:26  Pylon  
  96  7:31  Pylon  
  96  7:32  Zealot x3  
  102  7:41  Shield Battery  
  102  7:42  Colossus (Chrono Boost)  
  102  7:47  Zealot x3  
  114  7:57  Shield Battery  
  114  7:58  Pylon, Zealot x3  
  114  8:01  Shield Battery  
  120  8:09  Gateway  
  120  8:11  Gateway  
  120  8:14  Zealot  
  120  8:15  Zealot x2  
  120  8:19  Zealot x2  
  120  8:32  Zealot  
  120  8:33  Colossus (Chrono Boost)  
  118  8:39  Zealot x5  
  128  8:50  Pylon x3  
  124  8:56  Pylon  
  124  8:57  Pylon  
  105  9:05  Zealot x5  
  105  9:06  Zealot x2  
  105  9:11  Probe  
  100  9:20  Zealot  
Show
View Real Time Build Order
Export as new Build Order

uwuThermal Terran 

Build Orders: 1/1/1 

Get SALT Encoding   

  12  0:00  SCV  
  13  0:12  SCV  
  14  0:16  Supply Depot  
  14  0:24  SCV  
  14  0:27  Refinery  
  15  0:38  SCV  
  16  0:45  Barracks  
  16  0:50  SCV  
  16  0:54  Refinery  
  17  1:02  SCV  
  18  1:14  SCV  
  19  1:32  Marine  
  19  1:33  Orbital Command  
  19  1:39  Factory  
  20  1:51  Barracks Reactor  
  20  1:52  Supply Depot  
  20  1:58  SCV  
  21  2:10  SCV  
  22  2:17  Supply Depot  
  23  2:22  SCV  
  23  2:25  Starport  
  23  2:30  Hellion  
  23  2:32  Hellion  
  23  2:35  SCV  
  28  2:47  SCV  
  29  2:51  Hellion  
  29  2:53  Hellion  
  33  2:59  Supply Depot  
  33  3:01  Medivac  
  35  3:10  Armory  
  35  3:16  Widow Mine  
  35  3:17  Widow Mine  
  39  3:23  Supply Depot  
  39  3:39  Widow Mine x2  
  43  3:54  Command Center  
  43  4:02  Widow Mine x2  
  45  4:16  Barracks Tech Lab  
  39  4:17  SCV  
  40  4:25  Widow Mine x2  
  40  4:30  SCV, Barracks  
  45  4:36  Marauder  
  47  4:40  Stimpack  
  47  4:42  SCV  
  48  4:55  SCV  
  45  5:00  Marauder  
  45  5:07  SCV  
  45  5:09  Bunker  
  45  5:11  Factory Tech Lab, Orbital Command  
  44  5:19  SCV  
  45  5:22  Marauder  
  47  5:29  Marine x2  
  47  5:31  SCV, Siege Tank  
  53  5:37  SCV  
  54  5:44  SCV  
  54  5:45  Marauder  
  54  5:48  Marine  
  54  5:49  SCV, Barracks  
  59  6:02  SCV  
  59  6:03  Siege Tank  
  63  6:04  Starport Tech Lab  
  63  6:05  Marine x2  
  63  6:09  Engineering Bay  
  65  6:11  Refinery  
  65  6:14  SCV, Supply Depot  
  65  6:15  SCV  
  67  6:19  Marine  
  67  6:22  Supply Depot  
  68  6:26  SCV  
  68  6:32  Starport Reactor, Supply Depot  
  69  6:36  Marauder  
  69  6:37  Siege Tank  
  69  6:38  SCV  
  73  6:40  Terran Infantry Weapons Level 1  
  73  6:41  Marine  
  73  6:46  SCV  
  73  6:50  SCV  
  73  6:51  Marine  
  73  6:52  Supply Depot  
  73  6:54  Marauder  
  75  6:58  SCV, Marauder  
  78  7:05  Marine  
  79  7:09  Siege Tank  
  79  7:11  Medivac  
  79  7:14  Medivac  
  79  7:15  Marauder  
  86  7:19  Concussive Shells, Combat Shield  
  86  7:20  SCV  
  86  7:21  Marine  
  88  7:24  SCV  
  88  7:26  Refinery, Marine  
  88  7:27  Marine  
  91  7:31  Supply Depot  
  91  7:33  SCV  
  91  7:36  SCV, Marine  
  94  7:41  Marine, Siege Tank  
  97  7:45  SCV  
  97  7:49  SCV  
  98  7:58  Marine  
  98  7:59  Marauder x2, Marine  
  98  8:02  Supply Depot  
  103  8:13  Siege Tank  
  103  8:16  Marine  
  105  8:26  Marine  
  94  8:27  Marauder  
  94  8:32  Bunker x2  
  94  8:33  Bunker  
  83  8:37  Marine  
  83  8:38  Marine  
  84  8:44  Marine  
  84  8:48  Marine  
  86  8:53  Siege Tank  
  89  8:55  Marine  
  82  9:03  Marine  
  82  9:04  Marauder  
  72  9:14  SCV  
Tags
 
Add a new tag
Caveats
  • Supply blocks, unpowered buildings, or Contaminate may cause inaccurate times.
  • Supply counts are checked every 10 seconds.